 Dungeon Crawl Stone Soup version 0.29-a0-321-gf1c400731a (webtiles) character file.

Game seed: 3061643464823465377

6965 Murumi the Fighter (level 11, -17/84 HPs)
             Began as a Djinni Hunter on Apr 3, 2022.
             Demolished by a boulder beetle (55 damage)
             ... on level 9 of the Dungeon.
             The game lasted 00:36:41 (9110 turns).

Murumi the Fighter (Djinni Hunter)                  Turns: 9110, Time: 00:36:41

Health: -17/84     AC: 10    Str: 10    XL:     11   Next: 28%
Gold:   626        EV: 11    Int: 16    God:
                   SH:  0    Dex: 20

rFire   + . .      SeeInvis .   f - +5 hand crossbow
rCold   . . .      Faith    .   q - orb {mayhem}
rNeg    . . .      Spirit   .   s - +0 scale mail
rPois   ∞          Reflect  .   j - +0 helmet
rElec   .          Harm     .   d - +0 cloak
rCorr   .          Rampage  .   v - +0 pair of gloves
Will    +....                   (boots unavailable)
Stlth   +++.......              p - amulet of regeneration
HPRegen 1.04/turn               y - +4 ring of slaying
MPRegen 0.00/turn               r - ring of Nihilism {Ice *Slow MP+9 Int+4 Slay+3}

@: flying
A: sickness immunity, fire resistance 2, cold vulnerability 1, float, innate
caster, HP casting, extra vitality 1
a: no special abilities


You were on level 9 of the Dungeon.
You visited 2 branches of the dungeon, and saw 10 of its levels.

You collected 626 gold pieces.

Inventory:

Hand Weapons
 a - the +2 Maxwell's thermic engine {flame, freeze}
   (You found it on level 5 of the Dungeon)

   It burns those it strikes, dealing additional fire damage.
   Big, fiery blades are also staple armaments of hydra-hunters.
   It freezes those it strikes, dealing additional cold damage.
   It can also slow down cold-blooded creatures.
   It becomes more effective when it hits something.
   This effect fades over time.
 f - a +5 hand crossbow (weapon)
 t - a +0 scimitar
Armour
 d - a +0 cloak (worn)
 j - a +0 helmet (worn)
 q - an orb of mayhem (worn)
 s - a +0 scale mail (worn)
 v - a +0 pair of gloves (worn)
Jewellery
 i - a ring of willpower
 k - an amulet of faith
 o - a ring of see invisible
 p - an amulet of regeneration (around neck)
 r - the ring of Nihilism (right hand) {Ice *Slow MP+9 Int+4 Slay+3}
   (You found it on level 3 of the Dungeon)

   [ring of ice]

   It enhances your ice magic.
   Int:       It affects your intelligence (+4).
   Slay:      It affects your accuracy & damage with ranged weapons and melee
   (+3).
   rF:        It makes you vulnerable to fire.
   rC:        It protects you from cold.
   MP:        It affects your magic capacity (+9).
   *Slow:     It may slow you when you take damage.
 u - a ring of positive energy
 w - a ring of positive energy
 y - a +4 ring of slaying (left hand)
 I - the amulet of the Air {Inacc Air Fly rElec RMsl}
   (You took it off a wight on level 9 of the Dungeon)

   [amulet of nothing]

   It reduces the accuracy of all your attacks.
   It enhances your air magic.
   rElec:     It insulates you from electricity.
   Fly:       It grants you flight.
   RMsl:      It protects you from missiles.
Wands
 b - a wand of mindburst (6)
 A - a wand of acid (20)
 E - a wand of charming (10)
 G - a wand of iceblast (6)
Scrolls
 c - 2 scrolls of immolation
 e - a scroll of fog
 m - 4 scrolls of teleportation
 H - a scroll of magic mapping
Potions
 g - 3 potions of haste
 h - a potion of ambrosia
 l - 2 potions of attraction
 n - 3 potions of mutation
 x - 2 potions of curing
 z - a potion of might {unknown}
 B - 3 potions of lignification {unknown}
 C - a potion of resistance {unknown}
 D - a potion of heal wounds {unknown}
 F - 5 potions of brilliance


   Skills:
 - Level 9.0 Fighting
 - Level 4.0 Long Blades
 + Level 6.5 Crossbows
 - Level 4.0 Armour
 - Level 5.0 Dodging
 - Level 8.0 Stealth
 - Level 2.0 Spellcasting
 - Level 4.0 Evocations


You had one spell level left.
You knew the following spells:

 Your Spells              Type           Power      Damage    Failure   Level
a - Animate Skeleton      Necr           16%        N/A       50%         1
b - Ensorcelled Hibernat  Hex/Ice        24%        N/A       63%         2
c - Call Imp              Summ           8%         N/A       63%         2
d - Fulminant Prism       Conj/Hex       4%         3d6       99%         4
e - Olgreb's Toxic Radia  Pois           8%         N/A       99%         4
Your spell library was empty.

Dungeon Overview and Level Annotations

Branches:
Dungeon (9/15)             Temple (1/1) D:6
   Lair: D:8-11         Orc: D:9-12

Altars:
Ashenzari
Cheibriados
Dithmenos
Elyvilon
Fedhas
Gozag
Hepliaklqana
Kikubaaqudgha
Makhleb
Nemelex Xobeh
Qazlal
Sif Muna
Trog
Uskayaw
Vehumet
Zin

Shops:
D:4 :   D:7 *


Innate Abilities, Weirdness & Mutations

You are immune to sickness and miasma.
You are immune to poison.
Your flesh is very heat resistant. (rF++)
You are vulnerable to cold. (rC-)
You float through the air rather than walking.
You learn spells naturally, not from books.
Your magical power is your life essence.
You have superior vitality. (+4 MHP)


Message History

The boulder beetle misses you.
The boulder beetle stops rolling and uncurls.
The engine hums to life!
a - the +2 Maxwell's thermic engine (weapon)
{flame, freeze} The boulder beetle bites you!!
You slash the boulder beetle! You burn the boulder beetle.
You freeze the boulder beetle.
The boulder beetle is moderately wounded.
You are no longer corroded.
The boulder beetle closely misses you.
You hit the boulder beetle. You burn the boulder beetle.
You freeze the boulder beetle.
The boulder beetle is moderately wounded.
The boulder beetle bites you!
You hit the boulder beetle but do no damage.
You freeze the boulder beetle.
The boulder beetle is moderately wounded.
The boulder beetle barely misses you. The boulder beetle bites you!
You are too injured to fight recklessly!
You hit the boulder beetle. You burn the boulder beetle.
You freeze the boulder beetle.
The boulder beetle is heavily wounded.
The boulder beetle leaps!
The engine shudders to a halt.
f - a +5 hand crossbow (weapon)
You are too injured to fight recklessly!
Shoot: f) +5 hand crossbow
Press: ? - help, Q - select action, (/) - cycle Shift-Dir - straight line, f/p - boulder beetle
Aim: a boulder beetle (heavily wounded, 93% to hit)
You shoot a bolt. The bolt hits the boulder beetle!!
The boulder beetle is severely wounded.
The boulder beetle curls into a ball and begins rolling!
Shoot: f) +5 hand crossbow
Press: ? - help, Q - select action, (/) - cycle Shift-Dir - straight line, f/p - boulder beetle
Aim: a boulder beetle (severely wounded, rolling, 93% to hit)
You shoot a bolt.
The bolt barely misses the boulder beetle.
The boulder beetle hits you!!!
Ouch! That really hurt!
You die...

#..........#.....
#......
.................
#..<...
###.#####.###..>.
#......
..#..#.)...# ...
#.###.. #
#..##)##.# # ##
## ..##(##..
#.##)##..
#.....#....
###@### .## #..B#
# ##○.. ○...#
#°#†.. #[..#.#
###.### ...
##.#...○..


You could see a boulder beetle (rolling).

Vanquished Creatures
  A cyclops (D:9)
  Joseph (D:8)
  Maggie (D:8)
  A hornet (D:9)
  A wraith (D:9)
  A vampire mosquito (D:9)
  5 yaks (D:6)
  A steam dragon (D:9)
  2 acid dragons (D:9)
  2 sky beasts
  2 ice beasts (D:7)
  2 black bears (D:4)
  5 orc warriors
  2 ogres
  3 centaurs
  2 phantoms
  2 bullfrogs
  4 kobold brigands
  6 scorpions
  6 wights
  10 killer bees
  2 howler monkeys
  3 jellies
  3 hounds
  2 gnoll shamans
  9 orc priests
  3 iguanas (D:6)
  5 orc wizards
  9 gnolls
  7 adders
  3 shadow imps
  A white imp (D:7)
  An ufetubus (D:7)
  4 worms
  3 dart slugs
  21 orcs
  7 ball pythons
  5 endoplasms
  5 giant cockroaches
  6 goblins
  10 jackals
  19 kobolds
  5 quokkas
  5 bats
  8 frilled lizards
  5 rats
211 creatures vanquished.

Vanquished Creatures (collateral kills)
  4 wights
  A killer bee (D:8)
  3 orcs
  5 kobolds
13 creatures vanquished.

Vanquished Creatures (others)
  A wight (D:8)
  An orc wizard (D:5)
  3 orcs
  A kobold (D:8)
  A fungus (D:1)
  13 plants
20 creatures vanquished.

Grand Total: 244 creatures vanquished

Notes
Turn   | Place    | Note
-------+----------+-------------------------------------------
     0 | D:1      | Murumi the Djinni Hunter began the quest for the Orb.
     0 | D:1      | Reached XP level 1. HP: 18/18 MP: 0/0
    26 | D:1      | Reached skill level 1 in Stealth
    74 | D:1      | Found a faded altar of an unknown god.
   113 | D:1      | You are sucked into a shaft and drop 1 floor!
   122 | D:2      | Reached XP level 2. HP: 13/23 MP: 0/0
   433 | D:1      | Reached XP level 3. HP: 28/28 MP: 0/0
   433 | D:1      | Learned a level 1 spell: Animate Skeleton
  1299 | D:2      | Reached XP level 4. HP: 33/33 MP: 0/0
  1325 | D:2      | Reached skill level 1 in Armour
  1456 | D:2      | Found a sparkling altar of Nemelex Xobeh.
  1830 | D:2      | Reached XP level 5. HP: 36/39 MP: 0/0
  1830 | D:2      | Learned a level 2 spell: Ensorcelled Hibernation
  2971 | D:3      | Reached skill level 3 in Fighting
  2987 | D:3      | Identified the ring of Nihilism {Ice *Slow MP+9 Int+4
                  | Slay+3}
  3300 | D:4      | Noticed a black bear
  3310 | D:4      | Killed a black bear
  3311 | D:4      | Reached XP level 6. HP: 37/46 MP: 0/0
  3341 | D:4      | Noticed a black bear
  3363 | D:4      | Killed a black bear
  3364 | D:4      | Reached skill level 4 in Fighting
  3643 | D:4      | Reached XP level 7. HP: 52/52 MP: 0/0
  3643 | D:4      | Learned a level 2 spell: Call Imp
  3755 | D:4      | Found Navuazxe's Book Shoppe.
  4127 | D:5      | Entered Level 5 of the Dungeon
  4235 | D:5      | Reached skill level 1 in Long Blades
  4253 | D:5      | Found the +2 Maxwell's thermic engine {flame, freeze}
  4325 | D:5      | Reached skill level 1 in Evocations
  4509 | D:5      | Reached skill level 5 in Fighting
  4509 | D:5      | Reached XP level 8. HP: 57/59 MP: 0/0
  4965 | D:5      | Identified the +5 hunting sling "Niocs" {speed, rElec rPois
                  | Str+3 SInv}
  5048 | D:5      | Reached skill level 5 in Stealth
  5743 | D:6      | Found a staircase to the Ecumenical Temple.
  5761 | Temple   | Entered the Ecumenical Temple
  5961 | D:6      | Noticed a yak
  5962 | D:6      | Noticed a yak
  5963 | D:6      | Noticed a yak
  5964 | D:6      | Noticed a yak
  5967 | D:6      | Noticed a yak
  5969 | D:6      | Killed a yak
  5970 | D:6      | Reached skill level 6 in Fighting
  5970 | D:6      | Reached skill level 1 in Spellcasting
  5976 | D:6      | Killed a yak
  5978 | D:6      | Killed a yak
  5979 | D:6      | Reached XP level 9. HP: 59/66 MP: 0/0
  5979 | D:6      | Learned a level 4 spell: Fulminant Prism
  5983 | D:6      | Reached skill level 7 in Fighting
  6285 | D:6      | Found a stormy altar of Qazlal.
  6415 | D:6      | Reached skill level 5 in Crossbows
  6563 | D:6      | Found a shadowy altar of Dithmenos.
  6863 | D:7      | Found a bloodstained altar of Trog.
  7058 | D:7      | Reached XP level 10. HP: 75/75 MP: 0/0
  7422 | D:7      | Found Gozag's Platinum Reserve.
  7435 | D:7      | Reached skill level 8 in Fighting
  7442 | D:7      | Found an opulent altar of Gozag.
  7650 | D:8      | Noticed Maggie
  8112 | D:8      | Noticed Joseph
  8137 | D:8      | Killed Joseph
  8138 | D:8      | Reached skill level 5 in Dodging
  8210 | D:8      | Killed Maggie
  8703 | D:9      | Noticed a boulder beetle
  8751 | D:9      | Identified the ring "Bulog" {rElec MP+9 Str+3}
  8751 | D:9      | Noticed a centaur warrior
  8872 | D:9      | Reached skill level 9 in Fighting
  8872 | D:9      | Reached XP level 11. HP: 74/84 MP: 0/0
  8872 | D:9      | Learned a level 4 spell: Olgreb's Toxic Radiance
  8927 | D:9      | Noticed a deep elf pyromancer
  9039 | D:9      | Noticed a cyclops
  9046 | D:9      | Killed a cyclops
  9110 | D:9      | Demolished by a boulder beetle

Illustrated notes

Levels and vault maps discovered:
D:1:      ncdulo_watergridlock, layout_basic,
          dreamdust_ecumenical_altar_hidden_monk_grotto,
          minmay_misc_feat_diagonals
D:2:      layout_basic, basic_altar, minmay_heptomino_o4
D:3:      layout_loops_ring, st_stairs_2, nrook_mini_vaults
D:4:      layout_loops_ring, grunt_temple_overflow_magic_moments, serial_shops,
          shop_fountains
D:5:      layout_basic, minmay_lizard_king
D:6:      layout_loops_corners, grunt_dithmenos_shadows,
          nicolae_qazlal_eye_of_the_storm, minmay_temple_entry_junction
D:7:      layout_gridville, mainiacjoe_overflow_small_starburst,
          nicolae_gozag_zags_fifth_avenue
D:8:      layout_cave_pools, uniq_joseph, uniq_maggie
D:9:      minmay_the_grid_square_5x5_3x3 [minmay_the_grid_square_5x5_minimal,
          minmay_the_grid_square_5x5_inverted_slash,
          minmay_the_grid_square_5x5_bracketed,
          minmay_the_grid_square_5x5_bridge,
          minmay_the_grid_square_5x5_megaprize_checkered,
          minmay_the_grid_square_5x5_spiral_small, minmay_the_grid_square_5x5_n,
          minmay_the_grid_square_5x5_mess,
          minmay_the_grid_square_5x5_checkered_sparse], layout_gridville,
          serial_rivers, chequers_serial_rivers_large_b,
          chequers_serial_rivers_micro_a, chequers_serial_rivers_micro_d,
          chequers_serial_rivers_small_b, chequers_serial_rivers_micro_a,
          chequers_serial_rivers_small_3, minmay_fountain_box,
          eino_house_with_fridge
Temple:   kb_temple_of_zot

Skill      XL: |  1  2  3  4  5  6  7  8  9 10 11 |
---------------+----------------------------------+-----
Stealth        | 1 2 3 4 5 6 7 8 |  8.0
Crossbows      | 4 5 6 |  6.5
Dodging        | 3 4 5 |  5.0
Armour         | 1 2 3 4 |  4.0
Fighting       | 3 4 5 6 7 9 |  9.0
Long Blades    | 2 3 4 |  4.0
Evocations     | 2 3 4 |  4.0
Spellcasting   | 1 2 |  2.0

Action                   |  1- 3 |  4- 6 |  7- 9 | 10-12 || total
-------------------------+-------+-------+-------+-------++-------
Melee: Dagger            |    10 |       |       |       ||    10
       Short sword       |       |   122 |    12 |       ||   134
       Double sword      |       |       |    90 |   133 ||   223
       Falchion          |       |       |     8 |       ||     8
 Fire: Hand crossbow     |    93 |    67 |   105 |   121 ||   386
  Use: Scroll            |     3 |     7 |     4 |     4 ||    18
       Potion            |       |     2 |       |     1 ||     3
 Stab: Invisible         |       |       |       |     1 ||     1
Armor: Leather armour    |    14 |    23 |       |       ||    37
       Scale mail        |       |    27 |    55 |   107 ||   189
Dodge: Dodged            |    31 |    93 |    58 |   158 ||   340

Table legend: (Time is in decaauts)
 A = Elapsed time spent in this place.
 B = Non-inter-level travel time spent in this place.
 C = Inter-level travel time spent in this place.
 D = Time resting spent in this place.
 E = Time spent auto-exploring this place.
 F = Levels seen in this place.
 G = Mean time per level.
                   A        B        C        D        E       F      G
               +--------+--------+--------+--------+--------+-----+--------+
         Total |   9317 |   8464 |    853 |    100 |   6574 |  10 |  931.7 |
       Dungeon |   9208 |   8372 |    836 |    100 |   6487 |   9 | 1023.1 |
        Temple |    108 |     92 |     16 |      0 |     87 |   1 |  108.0 |
               +--------+--------+--------+--------+--------+-----+--------+

Top non-repeatable levels by time:
     D:5: 1509 daAuts
     D:2: 1509 daAuts
     D:6: 1093 daAuts
     D:7: 1041 daAuts
     D:1: 948 daAuts
     D:8: 940 daAuts
     D:4: 891 daAuts
     D:3: 879 daAuts
     D:9: 395 daAuts
  Temple: 108 daAuts
